 Dungeon Crawl Stone Soup version 0.17.1-3-g152610e (webtiles) character file.

271008 CragHack the Shatterer (level 19, 0/191 HPs)
             Began as a Minotaur Berserker on Mar 18, 2016.
             Was a High Priest of Trog.
             Splashed by an acid blob's acid (5 damage)
             ... on level 5 of the Pits of Slime on Mar 19, 2016.
             The game lasted 04:48:56 (35731 turns).

CragHack the Shatterer (Minotaur Berserker)        Turns: 35731, Time: 04:48:56

Health: 0/191      AC: 35    Str: 31    XL:     19   Next: 82%
Magic:  18/19      EV: 11    Int:  4    God:    Trog [*****.]
Gold:   3555       SH:  0    Dex: 20    Spells: 0 memorised, 19 levels left

rFire  + + .     SeeInvis .     i - +5 dire flail (holy)
rCold  + + +     Rnd*Rage +     C - +12 gold dragon armour of the Beginning {-Tele rPois rF+ rC+ MP+9 Dex+6}
rNeg   . . .     SustAt   +     (shield currently unavailable)
rPois  +         Gourm    .     M - +2 hat
rElec  +         Spirit   .     (no cloak)
rCorr  +         Warding  .     U - +2 pair of gloves "Tilanux" {rElec rF+ MP-9}
rMut   .         NoTele   +     g - +0 pair of boots
MR     +....                    D - amulet of resist corrosion
Stlth  ..........               y - ring of sustain attributes
                                b - ring "Annemari" {*Drain rC++ Str+2 Dex+3 Stlth+}

@: confused, corroded equipment, somewhat resistant to hostile enchantments,
extremely unstealthy
A: retaliatory headbutt, horns 2, berserk 1, blurry vision 1, spit poison 1
a: Spit Poison, Berserk, Trog's Hand, Brothers in Arms, Burn Spellbooks,
Renounce Religion
}: 1/15 runes: decaying


You were on level 5 of the Pits of Slime.
You worshipped Trog.
Trog was extremely pleased with you.
You were not hungry.

You visited 7 branches of the dungeon, and saw 39 of its levels.
You visited the Abyss 1 time.
You also visited: Labyrinth, Ossuary and Ice Cave.

You collected 4015 gold pieces.
You spent 460 gold pieces at shops.

Inventory:

Hand Weapons
 i - a +5 dire flail of holy wrath (weapon)
 o - a +7 antimagic dire flail
 H - the +9 dire flail "Zuaczol" {crush, *Confuse rElec rN+ Str+5}
   (Trog gifted it to you on level 5 of the Lair of Beasts)

   It inflicts extra damage upon your enemies.
   It affects your strength (+5).
   It insulates you from electricity.
   It protects you from negative energy.
   It may confuse you when you take damage.
Missiles
 j - 6 javelins of returning (quivered)
 l - 6 poisoned tomahawks
 Q - 13 silver javelins
 W - 4 silver tomahawks
 Y - 4 poisoned javelins
Armour
 g - a +0 pair of boots (worn)
 C - the +12 gold dragon armour of the Beginning (worn) {-Tele rPois rF+ rC+ MP+9 Dex+6}
   (You acquired it on level 8 of the Lair of Beasts)

   It affects your dexterity (+6).
   It protects you from fire.
   It protects you from cold.
   It protects you from poison.
   It affects your magic capacity (+9).
   It prevents most forms of teleportation.
 M - a +2 hat (worn)
 U - the +2 pair of gloves "Tilanux" (worn) {rElec rF+ MP-9}
   (You acquired it on level 1 of the Elven Halls)

   It protects you from fire.
   It insulates you from electricity.
   It affects your magic capacity (-9).
Jewellery
 b - the ring "Annemari" (left hand) {*Drain rC++ Str+2 Dex+3 Stlth+}
   (You took it off a deep elf demonologist on level 3 of the Elven Halls)

   [ring of stealth]

   It affects your strength (+2).
   It affects your dexterity (+3).
   It greatly protects you from cold.
   It causes draining when unequipped.
   It makes you more stealthy.
 y - a ring of sustain attributes (right hand)
 B - an uncursed amulet of resist mutation
 D - an amulet of resist corrosion (around neck)
 G - an uncursed amulet of faith
 J - a +3 ring of evasion
 P - the amulet of Plog {Ward +Inv rN+}
   (You took it off a deep elf death mage on level 3 of the Elven Halls)

   [amulet of warding]

   It may prevent the melee attacks of summoned creatures.
   It protects you from negative energy.
   It lets you turn invisible.
Wands
 v - a wand of digging (7)
 K - a wand of slowing (42)
 S - a wand of flame (38)
 V - a wand of hasting (3)
Scrolls
 h - 3 scrolls of recharging
 m - 3 scrolls of enchant weapon
 n - 16 scrolls of remove curse
 r - 9 scrolls of identify
 u - 4 scrolls of fear
 w - a scroll of enchant armour
 x - 5 scrolls of blinking
 A - 6 scrolls of teleportation
 I - a scroll of summoning
Potions
 a - 5 potions of curing
 f - a potion of haste
 p - 3 potions of cancellation
 s - a potion of resistance
 t - 2 potions of flight
 z - 2 potions of might
 E - 4 potions of agility
 F - a potion of heal wounds
 Z - a potion of berserk rage
Books
 k - a Grand Grimoire

   Spells                             Type                      Level
   a - Monstrous Menagerie            Summoning                    6
   b - Summon Greater Demon           Summoning                    7
   c - Malign Gateway                 Summoning/Translocation      7
   d - Summon Horrible Things         Summoning                    8
   Trog disapproves of the use of such an item.
 L - a book of the Warp

   Spells                             Type                      Level
   a - Recall                         Summoning/Translocation      3
   b - Gell's Gravitas                Hexes/Translocation          3
   c - Force Lance                    Conjuration/Translocation    4
   d - Phase Shift                    Translocation                5
   e - Warp Weapon                    Charms/Translocation         5
   f - Summon Forest                  Summoning/Translocation      5
   Trog disapproves of the use of such an item.
 O - a book of Unlife

   Spells                             Type                      Level
   a - Recall                         Summoning/Translocation      3
   b - Animate Dead                   Necromancy                   4
   c - Control Undead                 Necromancy                   4
   d - Cigotuvi's Embrace             Necromancy                   5
   e - Death Channel                  Necromancy                   6
   f - Simulacrum                     Ice/Necromancy               6
   Trog disapproves of the use of such an item.
 T - a book of Transfigurations

   Spells                             Type                      Level
   a - Stoneskin                      Transmutation/Earth          2
   b - Irradiate                      Conjuration/Transmutation    5
   c - Statue Form                    Transmutation/Earth          6
   d - Hydra Form                     Transmutation                6
   e - Dragon Form                    Transmutation                7
   Trog disapproves of the use of such an item.
Miscellaneous
 R - a legendary deck of defence {drawn: 1}
 X - a box of beasts
Comestibles
 d - 16 fruits
 q - 13 meat rations
 N - 4 royal jellies


   Skills:
 * Level 21.9 Fighting
 * Level 26.6 Maces & Flails
 + Level 7.8 Throwing
 + Level 15.0 Armour
 + Level 6.4 Dodging
 + Level 1.9 Stealth
 + Level 1.9 Unarmed Combat
 + Level 0.9 Spellcasting
 + Level 0.1 Evocations


You had 19 spell levels left.
You didn't know any spells.

Dungeon Overview and Level Annotations

Branches:
Dungeon (13/15)            Temple (1/1) D:5            Lair (8/8) D:10
  Swamp (4/4) Lair:6       Spider (0/4) Lair:4        Slime (6/6) Lair:8
    Orc (4/4) D:11            Elf (3/3) Orc:3        Vaults (0/5) D:13

Altars:
Ashenzari
Cheibriados
Dithmenos
Elyvilon
Fedhas
Kikubaaqudgha
Nemelex Xobeh
Okawaru
Ru
Sif Muna
Trog
Vehumet
Xom
Yredelemnul
The Shining One
Beogh
Jiyva

Shops:
D:5 [   Orc:2 *   Orc:4 (?}*

Portals:
Pandemonium: Orc:4

Annotations:
D:13 Norris


Innate Abilities, Weirdness & Mutations

You reflexively headbutt those who attack you in melee.
You have a pair of horns on your head.
You tend to lose your temper in combat.
Scrolls take you a little longer to read.
You can spit weak poison.


Message History

The golden eye blinks at you.
You are more confused.
The golden eye turns its gaze towards you.
The golden eye blinks!
The acid blob spits acid at you. The splash of acid hits you!
The acid corrodes you!
The acid burns!
You resist.
* * * LOW HITPOINT WARNING * * *
A slime creature comes into view.
The slime creature quivers.
Found a stone staircase leading up.
The wall burns you! You resist.
* * * LOW HITPOINT WARNING * * *
The golden eye blinks at you. You resist with some effort. The walls burn you!
You resist.
* * * LOW HITPOINT WARNING * * *
The acid blob hits you.
* * * LOW HITPOINT WARNING * * *
You are splashed with acid!
The acid burns!
You resist.
You die...

.##.#...# #............
..............##........
...........# ##.......
..# .......... ##......
#... #..##.... #.......
##... #.###.. #.#....>
...... ###..### #.##....
#..... #.#..### .##.....
##....####..@#.##
...#.....
..........GJ....#....
.....#.
...........>.......<
.......
#.............####..
.#.#... ##...####....##
#..#.. .... #.....#
#.##.. .#. ###.J## #.#
#.. # #.## ## #.. ..#
##..


You could see an acid blob, a slime creature and a golden eye.

Vanquished Creatures
  The ghost of Jerry the Invulnerable, a legendary MiFi of Zin (Slime:6)
  the Lernaean hydra (Swamp:4)
  Saint Roka (Orc:4)
  2 bone dragons (Abyss:1)
  Rupert (Lair:7)
  An Ice Fiend (IceCv)
  3 deep elf blademasters
  A deep elf master archer (Elf:3)
  2 tentacled starspawn (Abyss:1)
  6 acid blobs
  The ghost of tape the Unseen, an adept OpEn of Dithmenos (Elf:3)
  5 azure jellies
  Donald (Swamp:1)
  6 deep elf sorcerers
  Aizul (Elf:2)
  Louise (Swamp:1)
  A very ugly thing (Abyss:1)
  Nessos (Lair:7)
  8 deep elf annihilators (Elf:3)
  4 deep elf demonologists
  2 death oozes (Slime:5)
  8 deep elf death magi
  A deep elf high priest (Elf:2)
  2 great orbs of eyes
  A minotaur (Lab)
  17 hydras
  Harold (D:12)
  2 ghost crabs
  An anaconda (Swamp:4)
  3 alligators (Swamp:1)
  9 death yaks
  2 catoblepae
  15 dancing weapons (Elf:2)
  8 small abominations
  A queen ant (Lair:2)
  2 orc high priests (Orc:4)
  A thrashing horror (Abyss:1)
  Nergalle (D:11)
  5 deep elf knights
  9 large abominations
  The ghost of Venard the Covert, a novice SpAs of Dithmenos (D:11)
  7 ice devils
  A gelid demonspawn (Orc:4)
  16 swamp dragons
  2 putrid demonspawn (Orc:4)
  10 deep elf summoners
  3 shambling mangroves
  3 giant orange brains
  15 deep elf conjurers
  2 unseen horrors
  4 hill giants
  A wizard (Elf:1)
  5 hornets
  6 orc knights
  9 ugly things
  A griffon (Lair:7)
  10 orc sorcerers
  4 elephants (Lair:7)
  A shining eye (Slime:1)
  A sixfirhy (Abyss:1)
  A rust devil (Orc:4)
  A cyclops (Orc:3)
  A smoke demon (Abyss:1)
  5 black mambas
  An ice statue (IceCv)
  2 gargoyles (D:12)
  2 orange demons
  12 komodo dragons
  18 spiny frogs
  2 eyes of devastation (Slime:4)
  2 anaconda simulacra (IceCv)
  A blue devil (Orc:4)
  2 golden dragon simulacra (IceCv)
  12 deep elf priests
  A fire drake (Lair:8)
  2 hellwings
  4 spriggan druids
  2 ancient zymes (Abyss:1)
  11 polar bears (Lair:8)
  4 trolls
  A two-headed ogre (D:12)
  2 two-headed ogres (shapeshifter) (Elf:1)
  85 slime creatures
  10 giant leeches
  18 blink frogs
  2 freezing wraiths
  A trapdoor spider zombie (D:11)
  6 bog bodies
  4 raiju (Abyss:1)
  4 flying skulls (Abyss:1)
  32 deep elf magi
  14 spriggans
  A trapdoor spider (D:10)
  3 wyverns
  An ettin skeleton (Abyss:1)
  8 redbacks (Lair:8)
  3 neqoxecs (Abyss:1)
  33 yaks
  4 dire elephant simulacra (IceCv)
  26 deep elf fighters
  10 vampire mosquitoes
  7 golden eyes
  3 wraiths (D:8)
  2 shadows
  A hog (shapeshifter) (Elf:3)
  A death yak simulacrum (IceCv)
  13 swamp worms
  2 basilisks
  Menkaure (D:4)
  A harpy simulacrum (IceCv)
  3 hungry ghosts
  17 soldier ants
  10 hippogriffs
  3 wargs
  3 hydra simulacra (IceCv)
  9 insubstantial wisps
  20 wolves
  6 iron troll simulacra (IceCv)
  4 hell hounds (Abyss:1)
  13 water moccasins
  Duvessa (D:6)
  13 swamp drakes
  30 orc warriors
  16 porcupines
  2 sky beasts
  4 eyes of draining
  6 wasps
  4 necrophages (D:11)
  3 ice beasts
  A boggart (Elf:1)
  4 phantoms
  9 crocodiles
  3 black bears
  5 centaurs
  10 ogres
  3 elf zombies
  14 giant frogs
  A brain worm (shapeshifter) (Elf:3)
  4 big kobolds
  An earth elemental (Lab)
  A gnoll sergeant (D:11)
  A wyvern zombie (D:10)
  An elf skeleton (D:8)
  Dowan (D:6)
  A wyvern skeleton (D:11)
  5 killer bees (D:9)
  A water moccasin skeleton (D:4)
  6 scorpions
  A troll skeleton (D:10)
  7 wights
  3 spriggan skeletons (D:10)
  2 electric eels
  3 draconian simulacra (IceCv)
  32 orc priests
  A centaur zombie (D:11)
  17 starcursed masses (Abyss:1)
  20 jellies
  2 giant frog zombies
  4 crimson imps
  An iron imp (Abyss:1)
  4 human zombies
  4 centaur skeletons
  3 giant frog skeletons
  2 hounds
  41 worker ants
  2 polar bear simulacra (IceCv)
  3 human skeletons (D:8)
  11 iguanas
  21 orc wizards
  31 sheep
  5 troll simulacra (IceCv)
  7 hell rats (Lair:4)
  2 centaur simulacra (IceCv)
  2 mummies (Ossuary)
  A hound skeleton (D:7)
  9 adders
  11 gnolls
  3 ogre simulacra (IceCv)
  67 river rats
  A naga simulacrum (IceCv)
  7 white imps (IceCv)
  5 ufetubi
  An adder skeleton (D:4)
  2 adder zombies (Ossuary)
  2 worms
  6 giant geckos
  183 orcs
  4 ball pythons
  6 bats
  6 giant cockroaches
  8 goblins
  8 hobgoblins
  21 jackals
  57 kobolds
  4 quokkas
  2 giant newts
  A goblin skeleton (D:4)
  A goblin zombie (Ossuary)
  10 hobgoblin zombies
  2 jackal zombies (Ossuary)
  3 kobold skeletons (D:4)
  8 kobold zombies
  15 orc zombies
  2 quokka skeletons
  A quokka zombie (D:9)
  8 rats
  A rat zombie (Ossuary)
  2 bushes
  2 fungi
  A plant (Lair:2)
1567 creatures vanquished.

Vanquished Creatures (collateral kills)
  A deep elf master archer (Elf:3)
  An acid blob (Slime:1)
  Roxanne (Swamp:1)
  A deep elf demonologist (Elf:3)
  A deep elf annihilator (Elf:3)
  A deep elf high priest (Elf:3)
  2 dancing weapons (Elf:2)
  3 death yaks (Lair:7)
  A deep elf summoner (Elf:2)
  A giant orange brain (Abyss:1)
  A deep elf conjurer (Elf:2)
  A spiny frog (Swamp:1)
  An anaconda simulacrum (IceCv)
  2 blue devils (IceCv)
  A water moccasin (Lair:7)
  A swamp worm (Swamp:1)
  5 starcursed masses (Abyss:1)
  A giant frog (Lair:7)
  An ufetubus (IceCv)
  A crawling corpse (Elf:3)
  A fungus (Lair:7)
29 creatures vanquished.

Vanquished Creatures (others)
  2 deep elf knights (Elf:2)
  A spriggan druid (Swamp:3)
  A spriggan (Swamp:3)
  A swamp drake (Swamp:3)
  17 fungi
  15 plants
  7 starspawn tentacles (Abyss:1)
  38 starspawn tentacle segments (Abyss:1)
82 creatures vanquished.

Grand Total: 1678 creatures vanquished

Notes
Turn   | Place    | Note
--------------------------------------------------------------
     0 | D:1      | CragHack the Minotaur Berserker began the quest for the Orb.
     0 | D:1      | Reached XP level 1. HP: 19/19 MP: 0/0
   107 | D:1      | Reached skill level 4 in Fighting
   131 | D:1      | Reached XP level 2. HP: 27/27 MP: 1/1
   775 | D:2      | Reached ** piety under Trog
   780 | D:2      | Reached XP level 3. HP: 30/33 MP: 2/2
  1445 | D:2      | Reached XP level 4. HP: 34/41 MP: 1/3
  1643 | D:3      | Reached skill level 5 in Maces & Flails
  1644 | D:3      | Reached skill level 5 in Fighting
  1797 | D:3      | Found a shadowy altar of Dithmenos.
  2234 | D:4      | Found a white marble altar of Elyvilon.
  2250 | D:4      | Found a shimmering altar of Xom.
  2282 | D:4      | Reached XP level 5. HP: 48/48 MP: 4/4
  2363 | D:4      | Noticed Menkaure
  2375 | D:4      | Killed Menkaure
  2375 | D:4      | Reached XP level 6. HP: 30/57 MP: 3/5
  2510 | D:4      | Found a glowing golden altar of the Shining One.
  2569 | D:4      | Noticed an ice beast
  2575 | D:4      | Killed an ice beast
  2575 | D:4      | Reached skill level 6 in Fighting
  2737 | D:4      | Reached *** piety under Trog
  2737 | D:4      | Reached skill level 1 in Throwing
  2786 | D:4      | Found a shattered altar of Ashenzari.
  2857 | D:4      | Found a deep blue altar of Sif Muna.
  2857 | D:4      | Found a bloodstained altar of Trog.
  3198 | D:4      | Reached XP level 7. HP: 60/64 MP: 6/6
  3289 | D:4      | Noticed an ogre
  3297 | D:4      | Killed an ogre
  3529 | D:4      | Reached skill level 7 in Fighting
  3549 | D:4      | Reached **** piety under Trog
  3597 | D:4      | Noticed a big kobold
  3612 | D:4      | Killed a big kobold
  3975 | D:4      | Noticed a big kobold
  3985 | D:4      | Killed a big kobold
  3985 | D:4      | Reached skill level 5 in Armour
  3987 | D:4      | Noticed a big kobold
  3989 | D:4      | Killed a big kobold
  3992 | D:4      | Reached XP level 8. HP: 73/73 MP: 5/7
  4209 | D:5      | Entered Level 5 of the Dungeon
  4213 | D:5      | Noticed a rust devil
  4432 | D:5      | Found Fuokin's Antique Armour Shop.
  4450 | D:5      | Bought a transparent chain mail for 228 gold pieces
  4461 | D:5      | Identified the +4 chain mail of the Doldrums {rF++ Stlth+} (You bought it in a shop on level 5 of the Dungeon)
  4605 | D:5      | Noticed an angel
  4614 | D:5      | Found a staircase to the Ecumenical Temple.
  4624 | Temple   | Entered the Ecumenical Temple
  4649 | D:5      | Reached skill level 8 in Maces & Flails
  4801 | D:5      | Found an iron altar of Okawaru.
  4801 | D:5      | Found a blossoming altar of Fedhas.
  5088 | D:5      | Reached ***** piety under Trog
  5197 | D:6      | Found a sand-covered staircase.
  5219 | Ossuary  | Entered an ossuary
  5360 | Ossuary  | Reached skill level 9 in Maces & Flails
  5483 | D:6      | Noticed Duvessa
  5484 | D:6      | Noticed Dowan
  5489 | D:6      | Killed Duvessa
  5498 | D:6      | Killed Dowan
  5684 | D:6      | Found an iron altar of Okawaru.
  5867 | D:6      | Reached XP level 9. HP: 79/82 MP: 8/8
  5877 | D:6      | Found a basalt altar of Yredelemnul.
  6102 | D:7      | Reached skill level 10 in Maces & Flails
  6149 | D:7      | Reached skill level 1 in Stealth
  6494 | D:8      | Found an ancient bone altar of Kikubaaqudgha.
  6788 | D:8      | Found a snail-covered altar of Cheibriados.
  7044 | D:8      | Found an ancient bone altar of Kikubaaqudgha.
  7082 | D:8      | Reached skill level 11 in Maces & Flails
  7658 | D:9      | Reached XP level 10. HP: 93/93 MP: 9/9
  7661 | D:9      | Reached skill level 12 in Maces & Flails
  7742 | D:9      | Reached skill level 10 in Fighting
  8077 | D:9      | Found a sparkling altar of Nemelex Xobeh.
  8314 | D:10     | Entered Level 10 of the Dungeon
  8316 | D:10     | Found a glowing golden altar of the Shining One.
  8372 | D:10     | Noticed a hill giant
  8380 | D:10     | Killed a hill giant
  8396 | D:10     | Found a staircase to the Lair.
  8556 | D:10     | Reached skill level 13 in Maces & Flails
  9019 | D:10     | Noticed a hill giant
  9029 | D:10     | Killed a hill giant
  9585 | D:10     | Received a gift from Trog
  9811 | D:10     | Killed an unseen horror
  9811 | D:10     | Reached XP level 11. HP: 56/102 MP: 10/10
 10137 | D:11     | Found a shimmering altar of Xom.
 10244 | D:11     | Found a staircase to the Orcish Mines.
 10264 | D:11     | Reached ****** piety under Trog
 10267 | D:11     | Reached skill level 14 in Maces & Flails
 10277 | D:11     | Received a gift from Trog
 10561 | D:11     | Found a blossoming altar of Fedhas.
 10921 | D:11     | Noticed Nergalle
 10928 | D:11     | Killed Nergalle
 11103 | D:11     | Noticed Venard's ghost (novice SpAs)
 11132 | D:11     | Killed Venard's ghost
 11313 | D:12     | Reached skill level 15 in Maces & Flails
 11397 | D:12     | Noticed a hill giant
 11407 | D:12     | Killed a hill giant
 11515 | D:12     | Noticed Harold
 11533 | D:12     | Killed Harold
 11668 | D:12     | Received a gift from Trog
 11746 | D:12     | Noticed a hill giant
 11754 | D:12     | Killed a hill giant
 11817 | D:12     | Reached XP level 12. HP: 105/113 MP: 3/11
 11941 | D:13     | Found a gate to the Vaults.
 11941 | D:13     | Noticed Norris
 12027 | Lair:1   | Entered Level 1 of the Lair of Beasts
 12373 | Lair:1   | Reached skill level 16 in Maces & Flails
 12602 | Lair:1   | Got a spiked chain mail
 12613 | Lair:1   | Identified the +4 chain mail "Awaseirch" {rPois rN+} (You found it on level 1 of the Lair of Beasts)
 12979 | Lair:2   | Received a gift from Trog
 13102 | Lair:2   | Noticed a seven-headed hydra
 13111 | Lair:2   | Killed a seven-headed hydra
 13111 | Lair:2   | Reached skill level 5 in Dodging
 13383 | Lair:2   | Reached skill level 5 in Throwing
 13406 | Lair:2   | Reached skill level 17 in Maces & Flails
 13717 | Lair:2   | Received a gift from Trog
 14246 | Lair:4   | Reached XP level 13. HP: 117/124 MP: 12/12
 14293 | Lair:4   | Found a labyrinth entrance.
 14304 | Lab      | Entered a labyrinth
 14499 | Lab      | Reached skill level 10 in Armour
 14563 | Lair:4   | Found a hole to the Spider Nest.
 15179 | Lair:3   | Received a gift from Trog
 15225 | Lair:3   | Noticed a seven-headed hydra
 15231 | Lair:3   | Killed a seven-headed hydra
 15619 | Lair:4   | Noticed a catoblepas
 15632 | Lair:4   | Killed a catoblepas
 15758 | Lair:5   | Received a gift from Trog
 15788 | Lair:5   | Reached skill level 18 in Maces & Flails
 16250 | Lair:5   | Received a gift from Trog
 16263 | Lair:5   | Got a scorched dire flail {god gift}
 16264 | Lair:5   | Identified the +9 dire flail "Zuaczol" {crush, *Confuse rElec rN+ Str+5} (Trog gifted it to you on level 5 of the Lair of Beasts)
 16306 | Lair:5   | Reached skill level 15 in Fighting
 16849 | Lair:6   | Found a staircase to the Swamp.
 16935 | Lair:6   | Got a slimy plate armour
 16952 | Lair:6   | Identified the +1 plate armour of Jacwigea {rF+} (You found it on level 6 of the Lair of Beasts)
 17141 | Lair:6   | Received a gift from Trog
 17253 | Lair:7   | Noticed Nessos
 17296 | Lair:7   | Killed Nessos
 17723 | Lair:7   | Noticed Rupert
 17729 | Lair:7   | Killed Rupert
 17729 | Lair:7   | Reached XP level 14. HP: 134/136 MP: 13/13
 17840 | Lair:7   | Received a gift from Trog
 17848 | Lair:7   | Reached skill level 19 in Maces & Flails
 17984 | Lair:7   | Received a gift from Trog
 18390 | Lair:8   | Entered Level 8 of the Lair of Beasts
 18480 | Lair:8   | Found a viscous altar of Jiyva.
 18480 | Lair:8   | Found a staircase to the Slime Pits.
 18762 | Lair:8   | Received a gift from Trog
 18928 | Lair:8   | Reached skill level 20 in Maces & Flails
 19529 | Lair:8   | Reached skill level 1 in Unarmed Combat
 19529 | Lair:8   | Reached XP level 15. HP: 144/147 MP: 13/15
 19538 | Lair:8   | Identified a scroll of acquirement
 19545 | Lair:8   | Got a jewelled gold dragon armour
 19556 | Lair:8   | Identified the +12 gold dragon armour of the Beginning {-Tele rPois rF+ rC+ MP+9 Dex+6} (You acquired it on level 8 of the Lair of Beasts)
 19901 | Swamp:1  | Entered Level 1 of the Swamp
 19911 | Swamp:1  | Received a gift from Trog
 20156 | Swamp:1  | Reached XP level 16. HP: 141/155 MP: 16/16
 20208 | Swamp:1  | Noticed Donald
 20222 | Swamp:1  | Killed Donald
 20269 | Swamp:1  | Noticed Roxanne
 20303 | Swamp:1  | Killed Roxanne
 20303 | Swamp:1  | Reached skill level 21 in Maces & Flails
 20652 | Swamp:1  | Noticed Louise
 20661 | Swamp:1  | Killed Louise
 20672 | Swamp:1  | Identified a -1 rod of shadows (10/10) (You found it on level 1 of the Swamp)
 20840 | Swamp:2  | Found a frozen archway.
 20873 | IceCv    | Entered an ice cave
 21396 | IceCv    | Received a gift from Trog
 21691 | IceCv    | Noticed an Ice Fiend
 21705 | IceCv    | Killed an Ice Fiend
 22000 | IceCv    | Got a pair of ichor-stained gloves
 22031 | IceCv    | Identified the +1 pair of gloves "Fetita" {rElec Int+2} (You found it in an ice cave)
 22136 | Swamp:2  | Received a gift from Trog
 22866 | Swamp:3  | Received a gift from Trog
 23007 | Swamp:3  | Reached skill level 22 in Maces & Flails
 23296 | Swamp:4  | Entered Level 4 of the Swamp
 23587 | Swamp:4  | Noticed the 27-headed Lernaean hydra
 23601 | Swamp:4  | Killed the 27-headed Lernaean hydra
 23648 | Swamp:4  | Reached XP level 17. HP: 61/166 MP: 17/17
 24018 | Swamp:4  | Got a decaying rune of Zot
 24126 | Swamp:4  | Received a gift from Trog
 24539 | Orc:1    | Entered Level 1 of the Orcish Mines
 24697 | Orc:2    | Received a gift from Trog
 24784 | Orc:2    | Found a bloodstained altar of Trog.
 24852 | Orc:2    | Found Ifaachor's General Store.
 24878 | Orc:2    | Bought a scroll of identify for 28 gold pieces
 25028 | Orc:1    | Found a roughly hewn altar of Beogh.
 25155 | Orc:1    | Received a gift from Trog
 25163 | Orc:1    | Found a roughly hewn altar of Beogh.
 25519 | Orc:3    | Found a radiant altar of Vehumet.
 25526 | Orc:3    | Found a staircase to the Elven Halls.
 25568 | Orc:4    | Entered Level 4 of the Orcish Mines
 25600 | Orc:4    | Noticed Saint Roka
 25688 | Orc:3    | Received a gift from Trog
 25989 | Orc:4    | Killed Saint Roka
 25989 | Orc:4    | Reached skill level 23 in Maces & Flails
 26201 | Orc:4    | Found a roughly hewn altar of Beogh.
 26557 | Orc:4    | Found Wicsylli's Magic Scroll Shoppe.
 26564 | Orc:4    | Found Basit's General Store.
 26572 | Orc:4    | Received a gift from Trog
 26599 | Orc:4    | Bought a scroll of magic mapping for 42 gold pieces
 26599 | Orc:4    | Bought a scroll of identify for 24 gold pieces
 26599 | Orc:4    | Bought a scroll of summoning for 114 gold pieces
 26599 | Orc:4    | Bought a scroll of identify for 24 gold pieces
 26761 | Orc:4    | Paralysed by an orc sorcerer for 2 turns
 26780 | Orc:4    | Paralysed by an orc sorcerer for 5 turns
 26809 | Orc:4    | Found Xyqeim's Antique Weapon Shop.
 26809 | Orc:4    | Found Ocoev's Gadget Boutique.
 26809 | Orc:4    | Found a one-way gate leading to the halls of Pandemonium.
 27007 | Elf:1    | Entered Level 1 of the Elven Halls
 27131 | Elf:1    | Got a pair of scorched gloves
 27142 | Elf:1    | Identified the +2 pair of gloves "Tilanux" {rElec rF+ MP-9} (You acquired it on level 1 of the Elven Halls)
 27159 | Elf:1    | You fall through a shaft!
 27159 | Elf:2    | Found a huge runed gate.
 27159 | Elf:2    | Found a huge runed gate.
 27159 | Elf:2    | Found a huge runed gate.
 27159 | Elf:2    | Found a huge runed gate.
 27159 | Elf:2    | Found a huge runed gate.
 27175 | Elf:2    | Received a gift from Trog
 27705 | Elf:1    | Received a gift from Trog
 28227 | Elf:2    | Received a gift from Trog
 28254 | Elf:2    | Reached skill level 24 in Maces & Flails
 28522 | Elf:2    | Noticed Aizul
 28555 | Elf:2    | Killed Aizul
 28555 | Elf:2    | Reached XP level 18. HP: 98/178 MP: 18/18
 28931 | Elf:2    | Received a gift from Trog
 29234 | Elf:3    | Entered Level 3 of the Elven Halls
 29312 | Elf:3    | Received a gift from Trog
 30009 | Elf:3    | Received a gift from Trog
 30080 | Elf:3    | Received a gift from Trog
 30542 | Elf:3    | Cast into the Abyss (a ghostly deep elf sorcerer)
 30685 | Abyss:1  | Noticed a bone dragon
 30698 | Abyss:1  | Killed a bone dragon
 30698 | Abyss:1  | Reached skill level 25 in Maces & Flails
 30933 | Abyss:1  | Paralysed by accursed screaming for 1 turns
 30993 | Abyss:1  | Found a corrupted altar of Lugonu.
 31036 | Abyss:1  | Gained mutation: You can spit weak poison. [a neqoxec]
 31057 | Abyss:1  | Paralysed by accursed screaming for 2 turns
 31093 | Abyss:1  | Gained mutation: Your muscles are strong. (Str +2) [a neqoxec]
 31174 | Abyss:1  | Paralysed by accursed screaming for 1 turns
 31241 | Abyss:1  | Noticed a bone dragon
 31251 | Abyss:1  | Killed a bone dragon
 31270 | Elf:3    | Escaped the Abyss
 31340 | Elf:3    | Reached XP level 19. HP: 84/189 MP: 19/19
 31348 | Elf:3    | Received a gift from Trog
 31588 | Elf:3    | Noticed tape's ghost (adept OpEn)
 31589 | Elf:3    | Got a pitted mace {freeze}
 31589 | Elf:3    | Got a crude pewter amulet
 31595 | Elf:3    | Identified the +7 mace of Reqizy {freeze, rPois Str+5} (You took it off a deep elf death mage on level 3 of the Elven Halls)
 31598 | Elf:3    | Identified the amulet of Plog {Ward +Inv rN+} (You took it off a deep elf death mage on level 3 of the Elven Halls)
 31616 | Elf:3    | Killed tape's ghost
 31618 | Elf:3    | Got a translucent jade ring
 32651 | Elf:3    | Got a faintly humming scale mail
 32662 | Elf:3    | Identified the +3 scale mail of Amelioration {Str+2} (You found it on level 3 of the Elven Halls)
 33031 | Lair:2   | Identified the ring "Annemari" {*Drain rC++ Str+2 Dex+3 Stlth+} (You took it off a deep elf demonologist on level 3 of the Elven Halls)
 33197 | Slime:1  | Entered Level 1 of the Pits of Slime
 33226 | Slime:1  | Received a gift from Trog
 33960 | Slime:1  | Gained mutation: Scrolls take you a little longer to read. [a shining eye]
 34011 | Slime:3  | Reached skill level 26 in Maces & Flails
 34035 | Slime:3  | Found a viscous altar of Jiyva.
 34762 | Slime:4  | Received a gift from Trog
 34975 | Slime:6  | Entered Level 6 of the Pits of Slime
 35137 | Slime:6  | Noticed Jerry's ghost (legendary MiFi)
 35139 | Slime:6  | Lost mutation: Your muscles are strong. (Str +2) [a shining eye]
 35141 | Slime:6  | Gained mutation: You tend to lose your temper in combat. [a shining eye]
 35450 | Slime:6  | Killed Jerry's ghost
 35675 | Slime:5  | Reached skill level 15 in Armour
 35718 | Slime:5  | HP: 9/191 [acid (7)]
 35731 | Slime:5  | HP: 7/191 [acid (8)]
 35731 | Slime:5  | Splashed by an acid blob's acid

Action                   |  1- 3 |  4- 6 |  7- 9 | 10-12 | 13-15 | 16-18 | 19-21 || total
-------------------------+-------+-------+-------+-------+-------+-------+-------++-------
Melee: Mace              |    87 |    13 |   149 |    40 |       |       |       ||   289
       Flail             |       |    82 |   144 |       |       |       |       ||   226
       Morningstar       |       |       |   202 |   221 |       |       |       ||   423
       Dire flail        |       |       |       |   313 |   533 |  1477 |   381 ||  2704
       Great mace        |       |       |       |   184 |   179 |       |       ||   363
Throw: Tomahawk          |       |     9 |    37 |    57 |    37 |    68 |       ||   208
       Javelin           |       |       |       |       |       |    71 |    10 ||    81
Invok: Berserk           |     1 |     1 |     1 |     2 |     1 |     3 |     2 ||    11
       Trog's Hand       |       |     1 |     1 |     3 |     3 |    20 |     1 ||    29
       Burn Spellbooks   |       |       |       |     4 |     3 |     4 |       ||    11
       Brothers in Arms  |       |       |       |     2 |     1 |    11 |     1 ||    15
Evoke: Wand              |       |       |       |     2 |       |     5 |     1 ||     8
       Deck              |       |       |       |       |     1 |       |       ||     1
       Rod               |       |       |       |       |       |     4 |       ||     4
  Use: Scroll            |     3 |       |     9 |    11 |    12 |    11 |     2 ||    48
       Potion            |     5 |     1 |     1 |     3 |     1 |     9 |     2 ||    22
 Stab: Petrified         |       |       |       |       |     1 |       |       ||     1
       Confused          |       |       |       |       |       |     2 |       ||     2
       Distracted        |       |       |       |       |       |     2 |       ||     2
  Eat: Bread ration      |     1 |     1 |     3 |     5 |     2 |    10 |     3 ||    25
       Royal jelly       |       |     1 |       |       |       |     1 |       ||     2
       Fruit             |       |       |     2 |     2 |     1 |     1 |       ||     6
       Beef jerky        |       |       |     2 |     1 |     4 |     2 |     2 ||    11
       Pizza             |       |       |       |     1 |     2 |       |       ||     3
